 Dungeon Sprint DCSS version 0.20.1-1-g8b1a95d (webtiles) character file.

727 wojtek the Basher (level 7, -3/72 HPs)
             Began as a Minotaur Fighter on Dec 31, 2017.
             Was an Initiate of Trog.
             Slain by a sixfirhy (9 damage)
             ... summoned by a kobold demonologist
             ... in the Dungeon (Sprint I: "Red Sonja").
             The game lasted 00:01:34 (739 turns).

wojtek the Basher (Minotaur Fighter)                 Turns: 739, Time: 00:01:35

Health: -3/72      AC: 10    Str: 22    XL:     7   Next: 44%
Magic:  6/6        EV:  9    Int:  5    God:    Trog [......]
Gold:   412        SH: 10    Dex: 10    Spells: 6/6 levels left

rFire    . . .     SeeInvis .   a - +0 flail
rCold    . . .     Gourm    .   c - +0 shield
rNeg     . . .     Faith    .   b - +0 scale mail
rPois    .         Spirit   .   (helmet restricted)
rElec    .         Reflect  .   (no cloak)
rCorr    .         Harm     .   n - +0 pair of gloves
MR       .....     NoTele   +   (no boots)
Stlth    ..........             (no amulet)
Regen    0.3/turn               (no ring)
MPRegen  0.1/turn               (no ring)

@: no status effects
A: retaliatory headbutt, horns 2
a: Burn Spellbooks, Renounce Religion


You were in the Dungeon.
You worshipped Trog.
Trog was noncommittal.
You were not hungry.

You visited 1 branch You collected 412 gold pieces.

Inventory:

Hand Weapons
 a - a +0 flail (weapon)
Armour
 b - a +0 scale mail (worn)
 c - a +0 shield (worn)
 n - a +0 pair of gloves (worn)
Scrolls
 k - a scroll of blinking
Potions
 d - a potion of might
 g - a potion of heal wounds
 h - a potion of haste
 i - 2 potions of magic
 j - a potion of berserk rage
 l - a potion of brilliance {unknown}
Comestibles
 f - a bread ration
 m - a royal jelly


   Skills:
 + Level 10.1 Fighting
 * Level 13.1 Maces & Flails
 + Level 10.0 Armour
 + Level 3.1 Dodging
 + Level 5.2 Shields


You had 6 spell levels left.
You didn't know any spells.

Dungeon Overview and Level Annotations

Branches:
Dungeon (1/1)

Altars:
Cheibriados
Dithmenos
Elyvilon
Fedhas
Gozag
Hepliaklqana
Kikubaaqudgha
Makhleb
Nemelex Xobeh
Okawaru
Qazlal
Ru
Sif Muna
Trog
Uskayaw
Vehumet
Xom
Yredelemnul
Zin
The Shining One
Jiyva
Lugonu

Shops:
D =


Innate Abilities, Weirdness & Mutations

You reflexively headbutt those who attack you in melee.
You have a pair of horns on your head.


Message History

* * * LOW HITPOINT WARNING * * *
You are more poisoned.
The kobold demonologist hits you but does no damage.
You block the orange demon's attack.
You feel better. You block the sixfirhy's attack. x3
The sixfirhy barely misses you.
The kobold demonologist hits you with a dagger.
* * * LOW HITPOINT WARNING * * *
The kobold demonologist closely misses you.
You furiously retaliate!
You headbutt the kobold demonologist, but do no damage.
The orange demon stings you from afar!
* * * LOW HITPOINT WARNING * * *
You barely miss the kobold demonologist.
Your headbutt misses the kobold demonologist.
The kobold demonologist is severely wounded.
You block the sixfirhy's attack. The sixfirhy hits you.
* * * LOW HITPOINT WARNING * * *
The sixfirhy shocks you!
You die...

####################
)..#..'..#__#..'@K5#
#..').#..'..'..#K3.#
##'#####'#__####45.+
#..#...#.#### #####
####..##.#
___##'#..+
∩...'..._#
.__##_.#'#
___###+#.#


You could see an orange demon, 2 kobold demonologists, a sixfirhy, a crimson imp
and an ufetubus.

Vanquished Creatures
  A slime creature (D)
  A yak (D)
  Sigmund (D)
  A floating eye (D)
  An ogre (D)
  A jelly (D)
  Ijyb (D)
7 creatures vanquished.

Notes
Turn   | Place    | Note
-------+----------+-------------------------------------------
     0 | D        | wojtek the Minotaur Fighter began the quest for the Orb.
     0 | D        | Reached XP level 1. HP: 19/19 MP: 0/0
     1 | D        | Noticed Ijyb
    20 | D        | Killed Ijyb
    20 | D        | Reached skill level 5 in Maces & Flails
    20 | D        | Reached skill level 5 in Armour
    20 | D        | Reached XP level 2. HP: 15/28 MP: 1/1
   159 | D        | Noticed an ogre
   163 | D        | Killed an ogre
   163 | D        | Reached skill level 8 in Maces & Flails
   163 | D        | Reached XP level 3. HP: 15/38 MP: 2/2
   163 | D        | Reached XP level 4. HP: 18/45 MP: 3/3
   340 | D        | Noticed Sigmund
   350 | D        | Killed Sigmund
   350 | D        | Reached skill level 10 in Maces & Flails
   350 | D        | Reached XP level 5. HP: 43/53 MP: 4/4
   408 | D        | Found a burning altar of Makhleb.
   408 | D        | Found a viscous altar of Jiyva.
   408 | D        | Found a shimmering altar of Xom.
   408 | D        | Found a corrupted altar of Lugonu.
   408 | D        | Noticed a slime creature
   420 | D        | Killed a slime creature
   420 | D        | Reached skill level 12 in Maces & Flails
   420 | D        | Reached XP level 6. HP: 24/64 MP: 5/5
   620 | D        | Found a deep blue altar of Sif Muna.
   622 | D        | Found a radiant altar of Vehumet.
   660 | D        | Found Xifekk's Jewellery Emporium.
   660 | D        | Found an ancient bone altar of Kikubaaqudgha.
   660 | D        | Found a hazy altar of Hepliaklqana.
   660 | D        | Found a stormy altar of Qazlal.
   660 | D        | Found a hide-covered altar of Uskayaw.
   660 | D        | Found a blossoming altar of Fedhas.
   660 | D        | Found a bloodstained altar of Trog.
   660 | D        | Found an iron altar of Okawaru.
   660 | D        | Found a basalt altar of Yredelemnul.
   660 | D        | Found a glowing golden altar of the Shining One.
   660 | D        | Found a snail-covered altar of Cheibriados.
   660 | D        | Found a sacrificial altar of Ru.
   660 | D        | Found a glowing silver altar of Zin.
   660 | D        | Found a shadowy altar of Dithmenos.
   660 | D        | Found a white marble altar of Elyvilon.
   660 | D        | Noticed a yak
   668 | D        | Killed a yak
   668 | D        | Reached XP level 7. HP: 60/71 MP: 6/6
   669 | D        | Found an opulent altar of Gozag.
   670 | D        | Found a sparkling altar of Nemelex Xobeh.
   675 | D        | Became a worshipper of Trog the Wrathful
   719 | D        | Noticed a kobold demonologist
   720 | D        | Noticed a kobold demonologist
   721 | D        | Paralysed by a floating eye for 2 turns
   725 | D        | Reached skill level 10 in Fighting
   725 | D        | Reached skill level 13 in Maces & Flails
   725 | D        | Reached skill level 10 in Armour
   725 | D        | Reached skill level 5 in Shields
   728 | D        | Noticed an orange demon
   732 | D        | Noticed a sixfirhy
   739 | D        | Slain by a sixfirhy

Skill      XL: |  1  2  3  4  5  6  7 |
---------------+----------------------+-----
Fighting       | 4 6 8 9 10 | 10.1
Maces & Flails | 5 8 10 12 13 | 13.1
Armour         | 5 6 8 9 10 | 10.0
Dodging        | 2 3 |  3.1
Shields        | 4 5 |  5.2

Action                   |  1- 3 |  4- 6 |  7- 9 || total
-------------------------+-------+-------+-------++-------
Melee: Flail             |    21 |    30 |    15 ||    66
       Headbutt          |     4 |     9 |     4 ||    17
  Use: Potion            |       |       |     1 ||     1
Armor: Scale mail        |     4 |     2 |    12 ||    18
Dodge: Dodged            |     3 |     7 |     6 ||    16
Block: Shield            |    12 |     6 |    15 ||    33
